 Dungeon Crawl Stone Soup version 0.29-a0-356-g7bc237e783 (webtiles) character file.

Game seed: 5338603478106522146

92 spaghetti the Cutter (level 4, -11/35 HPs)
             Began as a Demonspawn Chaos Knight on Apr 26, 2022.
             Was a Plaything of Xom.
             Mangled by an ogre
             ... wielding a +0 giant club
              (19 damage)
             ... on level 3 of the Dungeon.
             The game lasted 00:04:17 (2945 turns).

spaghetti the Cutter (Demonspawn Chaos Knight)      Turns: 2945, Time: 00:04:19

Health: -11/35     AC:  4    Str: 12    XL:     4   Next: 35%
Magic:  0/5        EV: 11    Int: 15    God:    Xom [..*...]
Gold:   108        SH:  0    Dex: 15    Spells: 4/4 levels left

rFire   . . .      SeeInvis .   a - +0 short sword (chaos) {short}
rCold   . . .      Faith    .   (no shield)
rNeg    . . .      Spirit   +   d - +2 robe {Will+}
rPois   .          Reflect  .   (no helmet)
rElec   .          Harm     .   (no cloak)
rCorr   .          Rampage  .   (no gloves)
Will    +....      Clarity  +   (no boots)
Stlth   ++........              (no amulet)
HPRegen 0.11/turn               (no ring)
MPRegen 0.18/turn               (no ring)

@: no status effects
A: thin skeletal structure 1, magic shield, magic regeneration, clarity
a: Renounce Religion


You were on level 3 of the Dungeon.
You worshipped Xom.
You were a toy of Xom.
You visited 1 branch of the dungeon, and saw 3 of its levels.

You collected 108 gold pieces.


Innate Abilities, Weirdness & Mutations

You have a somewhat thin skeletal structure. (Dex +2, Stealth+)
When hurt, damage is shared between your health and your magic reserves.
You regenerate magic rapidly.
You possess an exceptional clarity of mind.


   Skills:
 - Level 3.0 Fighting
 * Level 4.5 Short Blades
 - Level 1.7 Armour
 - Level 0.8 Dodging
 + Level 0.9 Spellcasting


You had 4 spell levels left.
You didn't know any spells.
Your spell library contained the following spells:

 Spells                   Type           Power      Damage    Failure   Level
 Shock                    Conj/Air       0%         1d3       26%         1
 Flame Wave               Conj/Fire      0%         2d4       94%         4
 Fire Storm               Conj/Fire      0%         5d1       100%        9

Inventory:

Hand Weapons
 a - a +0 short sword of chaos (weapon) {short}
 b - a +1 hunting sling of flaming {sling}
   (You found it on level 2 of the Dungeon)
Missiles
 j - 98 stones (quivered) {throwing}
Armour
 d - a +2 robe of willpower (worn)
   (You found it on level 1 of the Dungeon)
 l - a +2 leather armour
Magical Staves
 g - a staff of fire {!astaff}
   (You found it on level 1 of the Dungeon)
Scrolls
 f - 2 scrolls of enchant weapon {unknown}
 h - 2 scrolls of noise {unknown}
Potions
 e - 2 potions of curing {@q1}
 i - a potion of resistance {unknown}
 k - 2 potions of flight {unknown}
 m - a potion of cancellation {unknown}
 n - a potion of ambrosia {unknown}
Miscellaneous
 c - a piece from Xom's chessboard (14/15)

Dungeon Overview and Level Annotations

Branches:
Dungeon (3/15)

Altars:

Shops:
D:1 (

Annotations:
Abyss:1 Terence

...#.##### #..
.... #........#
#.###.## #
.#.#.###.#
#.##...##.#
#.##.#
#.###.#.....#.#
.....#
#..##.....b...
######
#.#.#.#.....#
#.###..##.^b#
##
#.#!###.###.#
#.##....@O...#
#. #####.#####
# #.# #.. ....
#.... #.##.#
#.# .#


You could see an ogre (confused, very poisoned, ally target).


Message History

😎 HP[+3]
Your hp is fully restored (35).
Unknown command.
A ball python is nearby!
The ball python hisses angrily.
You hit the ball python.
You kill the ball python!
No target in view!
No target in view!
No target in view!
No target in view!
No target in view!
No target in view!
No target in view!
No target in view!
No target in view!
No target in view!
No target in view!
n - a murky orange potion You open the door.
There is an open door here.
There is an escape hatch in the floor here.
Key pressed, stopping explore.
A hobgoblin comes into view.
A hobgoblin is nearby!
You barely miss the hobgoblin. The hobgoblin barely misses you.
You hit the hobgoblin.
Lightning courses through the hobgoblin!
You kill the hobgoblin!
No target in view!
No target in view!
No target in view!
No target in view!
No target in view!
No target in view!
No target in view!
No target in view!
No target in view!
No target in view!
No target in view!
No target in view!
No target in view!
No target in view!
Found a stone staircase leading up.
Key pressed, stopping explore.
You now have 94 gold pieces (gained 16).
h - 2 scrolls labelled CAYFES NUISMEIFYNK (gained 1) Key pressed, stopping explore.
You see here a ball python corpse.
You open the door.
There is an open door here.
You now have 108 gold pieces (gained 14).
An endoplasm comes into view.
The helpless endoplasm fails to defend itself.
You puncture the endoplasm!
You kill the endoplasm!
No target in view!
No target in view!
No target in view!
No target in view!
No target in view!
No target in view!
No target in view!
No target in view!
Found a stone staircase leading down.
Key pressed, stopping explore.
Key pressed, stopping explore.
An ogre comes into view. It is wielding a +0 giant club.
You see here an emerald potion.
The ogre shouts!
The ogre hits you with a +0 giant club!
A shower of butterflies erupts from you! 😮 HP[-15] MP[-2]
You take 15 damage, and now have 20/35 hp.
MASSIVE DAMAGE!! (PAUSE)
You lost 2 mp, and now have 3/5 mp.
You barely miss the ogre. You hit the ogre.
You feel better.
You punch the ogre. The ogre misses you. 😮 HP[+4]
You regained 4 hp, and now have 24/35 hp.
You completely miss the ogre. "Go forth and cause havoc, mortal!"
Magic courses through your body.
The ogre hits you with a +0 giant club!!
* * * LOW HITPOINT WARNING * * *
😱 HP[-17] MP[-2]
You take 17 damage, and now have 7/35 hp.
MASSIVE DAMAGE!! (PAUSE)
You lost 2 mp, and now have 1/5 mp.
Unknown command.
Okay, then.
You swap places.
You make a move on Xom's chessboard...
The ogre appears confused.
You hit the ogre. You freeze the ogre. 😱 MP[+1]
You hit the ogre.
The ogre is poisoned.
The ogre hits you with a +0 giant club!!
Ouch! That really hurt!
You die...
Xom bursts into laughter!

Skill      XL: |  1  2  3 |
---------------+----------+-----
Short Blades   | 3 4 |  4.5
Fighting       | |  3.0
Armour         | |  1.7
Dodging        | |  0.8
Spellcasting   | |  0.9

Action                   |  1- 3 |  4- 6 || total
-------------------------+-------+-------++-------
Melee: Short sword       |   140 |    25 ||   165
       Punch             |     3 |     1 ||     4
 Fire: Hunting sling     |     3 |       ||     3
Evoke: Piece from Xom's  |       |     1 ||     1
  Use: Potion            |     1 |       ||     1
 Stab: Sleeping          |     3 |     2 ||     5
       Petrifying        |     1 |       ||     1
       Invisible         |     2 |     1 ||     3
Armor: Robe              |    44 |     4 ||    48
Dodge: Dodged            |   104 |     9 ||   113

Levels and vault maps discovered:
D:1:      arrival_zaba_pyramid, layout_basic, serial_shops, shop,
          ebering_ecumenical_altar_rust
D:2:      layout_basic
D:3:      layout_loops_corners, nicolae_overflow_hidden_temple, uniq_jessica,
          uniq_terence

Notes
Turn   | Place    | Note
-------+----------+-------------------------------------------
     0 | D:1      | spaghetti the Demonspawn Chaos Knight began the quest for
                  | the Orb.
     0 | D:1      | Reached XP level 1. HP: 18/18 MP: 1/1
     0 | D:1      | magus.rc [v1.9.6]
   129 | D:1      | XOM: divination: detect creatures
   141 | D:1      | Reached skill level 3 in Short Blades
   159 | D:1      | XOM: silly message
   273 | D:1      | XOM: silly message
   276 | D:1      | Gained mutation: You regenerate magic rapidly. [demonic
                  | ancestry]
   276 | D:1      | Reached XP level 2. HP: 24/24 MP: 2/2
   304 | D:1      | Found Sygeken's Weapon Shoppe.
   383 | D:1      | XOM: silly message
   451 | D:1      | XOM: potion effect (curing)
   490 | D:1      | XOM: torment (11/24 hp)
   571 | D:1      | XOM: noise
   728 | D:1      | XOM: summons 3 hostile shadow creatures
   763 | D:1      | XOM: give mutation
   763 | D:1      | Gained mutation: You possess an exceptional clarity of
                  | mind. [Xom's grace]
  1027 | D:1      | You add the spells Shock, Flame Wave and Fire Storm to your
                  | library.
  1027 | D:1      | Got the Incunabulum of Flight and the Arsonist
  1068 | D:1      | Found a faded altar of an unknown god.
  1461 | D:2      | XOM: smoke on damage
  1855 | D:2      | XOM: divination: detect creatures
  1930 | D:2      | XOM: silly message
  2066 | D:2      | Gained mutation: When hurt, damage is shared between your
                  | health and your magic reserves. [demonic ancestry]
  2066 | D:2      | Reached XP level 3. HP: 29/29 MP: 3/3
  2096 | D:2      | Reached skill level 4 in Short Blades
  2220 | D:2      | XOM: divination: detect items
  2623 | D:3      | Noticed Terence
  2623 | D:3      | XOM: potion effect (invisibility)
  2634 | D:3      | Banished Terence
  2635 | D:3      | Gained mutation: You have a somewhat thin skeletal
                  | structure. (Dex +2, Stealth+) [demonic ancestry]
  2635 | D:3      | Reached XP level 4. HP: 35/35 MP: 4/4
  2682 | D:3      | XOM: silly message
  2934 | D:3      | Noticed an ogre
  2938 | D:3      | XOM: butterfly on damage
  2941 | D:3      | XOM: potion effect (magic)
  2941 | D:3      | HP: 7/35 [ogre/+0 giant club (17)]
  2945 | D:3      | Mangled by an ogre

Vanquished Creatures
  3 adders
  A worm (D:2)
  5 endoplasms
  2 giant cockroaches
  2 goblins
  5 hobgoblins
  2 quokkas
  6 ball pythons
  3 bats
  6 frilled lizards
  2 kobolds (D:1)
  5 rats (D:1)
42 creatures vanquished.

Table legend:
 A = Non-vault XP
 B = Vault XP
 C = Vault XP percentage of total XP
 D = Non-vault monster count
 E = Vault monster count
 F = Vault count percentage of total count
                 A         B        C        D         E       F
            +---------+---------+-------+---------+---------+-------
      Total |     100 |      32 |  24.2 |      42 |       1 |   2.3
            +---------+---------+-------+---------+---------+-------
        D:1 |      26 |       0 |   0.0 |      20 |       0 |   0.0
        D:2 |      51 |       0 |   0.0 |      15 |       0 |   0.0
        D:3 |      23 |      32 |  58.2 |       7 |       1 |  12.5
            +---------+---------+-------+---------+---------+-------

Illustrated notes

Table legend:
 A = Kills in this place as a percentage of kills in entire the game.
 B = Kills by you in this place as a percentage of kills by you in the entire game.
 C = Kills by friends in this place as a percentage of kills by friends in the entire game.
 D = Other kills in this place as a percentage of other kills in the entire game.
 E = Experience gained in this place as a percentage of experience gained in the entire game.
 F = Experience gained in this place divided by the number of levels of this place that you have seen.
                   A       B       C       D       E      F
               +-------+-------+-------+-------+-------+----------------------
         Total | 100.0 | 100.0 |   N/A | 100.0 | 100.0 |  44.0
       Dungeon | 100.0 | 100.0 |   N/A | 100.0 | 100.0 |  44.0
               +-------+-------+-------+-------+-------+----------------------

Table legend: (Time is in decaauts)
 A = Elapsed time spent in this place.
 B = Non-inter-level travel time spent in this place.
 C = Inter-level travel time spent in this place.
 D = Time resting spent in this place.
 E = Time spent auto-exploring this place.
 F = Levels seen in this place.
 G = Mean time per level.
                   A        B        C        D        E       F      G
               +--------+--------+--------+--------+--------+-----+--------+
         Total |   2929 |   2888 |     41 |    331 |   2185 |   3 |  976.3 |
       Dungeon |   2929 |   2888 |     41 |    331 |   2185 |   3 |  976.3 |
               +--------+--------+--------+--------+--------+-----+--------+

Top non-repeatable levels by time:
     D:1: 1445 daAuts
     D:2: 1144 daAuts
     D:3: 339 daAuts
